 Dungeon Crawl Stone Soup version 0.29.0-11-gd7f09526c8 (webtiles) character file.

Game seed: 11374403333427491280

124 leavemydog the Conjurer (level 4, 0/24 HPs)
             Began as a Deep Elf Conjurer on Sept 6, 2022.
             Slain by an orc
             ... wielding a +0 flail
              (9 damage)
             ... on level 4 of the Dungeon.
             The game lasted 00:02:56 (3386 turns).

leavemydog the Conjurer (Deep Elf Conjurer)         Turns: 3386, Time: 00:02:57

Health: 0/24       AC:  2    Str:  4    XL:     4   Next: 81%
Magic:  0/12       EV: 12    Int: 25    God:
Gold:   227        SH:  0    Dex: 13    Spells: 4/11 levels left

rFire   . . .      SeeInvis .   f - +4 dagger (speed)
rCold   . . .      Faith    .   (no shield)
rNeg    . . .      Spirit   .   a - +0 robe
rPois   .          Reflect  .   (no helmet)
rElec   .          Harm     .   (no cloak)
rCorr   .          Rampage  .   (no gloves)
Will    .....                   (no boots)
Stlth   ++........              (no amulet)
HPRegen 0.08/turn               (no ring)
MPRegen 0.13/turn               (no ring)

@: no status effects
A: no striking features
a: no special abilities


You were on level 4 of the Dungeon.
You visited 1 branch of the dungeon, and saw 4 of its levels.

You collected 227 gold pieces.

Inventory:

Hand Weapons
 f - a +4 dagger of speed (weapon)
Armour
 a - a +0 robe (worn)
Jewellery
 p - an amulet of regeneration
Wands
 l - a wand of flame (5)
Scrolls
 c - a scroll of enchant weapon {unknown}
 i - 2 scrolls of identify {unknown}
 j - a scroll of noise {unknown}
 o - a scroll of magic mapping {unknown}
Potions
 b - a potion of magic
 d - 2 potions of curing
 e - a potion of attraction {unknown}
 g - a potion of resistance {unknown}
 h - a potion of haste {unknown}
 k - a potion of brilliance {unknown}
 m - a potion of ambrosia {unknown}
 n - a potion of lignification {unknown}


   Skills:
 - Level 2.4 Dodging
 - Level 2.4 Stealth
 + Level 4.4 Spellcasting
 + Level 6.1 Conjurations
 * Level 1.0 Translocations


You had 4 spell levels left.
You knew the following spells:

 Your Spells              Type           Power      Damage    Failure   Level
a - Magic Dart            Conj           100%       1d8       1%          1
b - Searing Ray           Conj           72%        2d7       1%          2
c - Iskenderun's Mystic   Conj/Tloc      23%        2d6       21%         4

Your spell library contained the following spells:

 Spells                   Type           Power      Damage    Failure   Level
 Dazzling Flash           Conj/Hex       40%        N/A       8%          3
 Sting                    Tmut/Pois      20%        1d4       9%          1
 Poisonous Vapours        Pois/Air       10%        N/A       13%         2
 Ozocubu's Armour         Ice            5%         N/A       26%         3
 Spider Form              Tmut/Pois      5%         N/A       26%         3
 Fulminant Prism          Conj/Hex       10%        3d9       26%         4
 Corpse Rot               Necr/Pois/Air  5%         N/A       65%         4
 Olgreb's Toxic Radiance  Pois           5%         N/A       65%         4
 Metabolic Englaciation   Hex/Ice        2%         N/A       94%         5
 Simulacrum               Ice/Necr       2%         N/A       100%        6


Dungeon Overview and Level Annotations

Branches:
Dungeon (4/15)
 Temple: D:4-7

Altars:
Elyvilon
Fedhas


Message History

The magic dart hits the orc.
You kill the orc!
Your Conjurations skill increases to level 6!
The magic dart hits the orc wizard but does no damage.
The magic dart hits the orc wizard.
The orc wizard is moderately wounded.
Your magical contamination has completely faded away.
The magic dart hits the orc wizard!
The orc wizard is severely wounded.
The orc wizard gestures at you while chanting.
The puff of flame hits you!
The magic dart hits the orc wizard!
You kill the orc wizard!
Your Translocations skill increases to level 1!
The magic dart hits the orc.
The orc is heavily wounded.
The magic dart hits the orc but does no damage.
The orc is heavily wounded.
The orc closely misses you.
The orc hits you with a +0 hand axe of flaming.
The orc burns you.
* * * LOW HITPOINT WARNING * * *
Casting: Magic Dart (safe; 1% risk of failure)
Confirm with . or Enter, or press ? or * to list all spells.
Okay, then.
The orc hits you with a +0 flail.
* * * LOW HITPOINT WARNING * * *
The orc closely misses you.
It was a potion of curing.
You feel better. The orc hits you with a +0 flail. The orc closely misses you.
Casting: Magic Dart (safe; 1% risk of failure)
Confirm with . or Enter, or press ? or * to list all spells.
Aiming: Searing Ray (safe; 1% risk of failure)
Press: ? - help, Shift-Dir - straight line, f/p - orc
Aim: an orc, wielding a +0 hand axe of flaming and wearing a +0 chain mail (heavily wounded, 86% to hit)
The searing ray hits the orc.
The orc is almost dead. (Press . to maintain the ray.)
The orc hits you with a +0 flail!
You die...

.......######
###....###########
###..............#
.................#
.................#
.................#
.................+
..............†..#
..............^.@#
...............oo#
.........#######.).
.........# #.....
... #....)).
#.?..... #.......
#.......


You could see 2 orcs.

Vanquished Creatures
  An orc wizard (D:4)
  2 adders (D:2)
  An ufetubus (D:4)
  2 worms
  A dart slug (D:3)
  2 orcs (D:4)
  4 bats
  5 endoplasms
  2 giant cockroaches
  11 hobgoblins
  7 kobolds
  3 quokkas
  5 ball pythons
  6 frilled lizards
  9 goblins
  4 rats
65 creatures vanquished.

Vanquished Creatures (others)
  4 plants (D:1)
4 creatures vanquished.

Grand Total: 69 creatures vanquished

Notes
Turn   | Place    | Note
-------+----------+-------------------------------------------
     0 | D:1      | leavemydog the Deep Elf Conjurer began the quest for the
                  | Orb.
     0 | D:1      | Reached XP level 1. HP: 10/10 MP: 6/6
   401 | D:1      | Reached XP level 2. HP: 15/15 MP: 4/8
   666 | D:1      | Reached skill level 5 in Conjurations
  1330 | D:2      | Learned a level 2 spell: Searing Ray
  1396 | D:2      | Reached XP level 3. HP: 19/19 MP: 2/9
  2433 | D:3      | Reached XP level 4. HP: 24/24 MP: 8/11
  2446 | D:3      | Learned a level 4 spell: Iskenderun's Mystic Blast
  2743 | D:3      | Found a blossoming altar of Fedhas.
  2865 | D:3      | Found a white marble altar of Elyvilon.
  2873 | D:3      | Got Sif Muna's Handbook of the Virous Nimbus
  2904 | D:3      | Found a faded altar of an unknown god.
  3378 | D:4      | Reached skill level 6 in Conjurations
  3382 | D:4      | Reached skill level 1 in Translocations
  3386 | D:4      | Slain by an orc

Illustrated notes

Levels and vault maps discovered:
D:1:      sevenhm_arrival_forest_fort_large_2, layout_basic, st_stairs_8,
          serial_bayou_lagoon_a
D:2:      layout_basic, kennysheep_generic_room_13
D:3:      layout_rooms, mainiacjoe_overflow_surrounded_room,
          mainiacjoe_overflow_tiny_flanked, shapermc_ecumenical_altar_pompeii
D:4:      layout_basic

Skill      XL: |  1  2  3  4 |
---------------+-------------+-----
Conjurations   | 5 6 |  6.1
Spellcasting   | 4 |  4.4
Translocations | 1 |  1.0
Dodging        | |  2.4
Stealth        | |  2.4

Action                   |  1- 3 |  4- 6 || total
-------------------------+-------+-------++-------
 Cast: Magic Dart        |    77 |    48 ||   125
       Searing Ray       |       |     1 ||     1
  Use: Potion            |       |     1 ||     1
Armor: Robe              |     2 |       ||     2
Dodge: Dodged            |     1 |     4 ||     5
